ORI
UNIVERSITY OF SOUTHERN CALIFORNIA TROJANS @ LOUISIANA STATE UNIVERSITY TIGERS
11/22/2046
 
TOP OF THE 1ST
Brevard County Manatees batting - Pitching for Visalia Rawhide : RHP Trajano Porqueira
Pitching: RHP Trajano Porqueira
Batting: RHB Yoshiro Higuchi 0-0: Ball
1-0: Called Strike
1-1: Foul Ball, location: 2F
1-2: Ball
2-2: Foul Ball, location: 2F
2-2: Ball
3-2: Strikes out swinging
Batting: RHB Colin Lakin 0-0: Foul Ball, location: 2F
0-1: Foul Ball, location: 2F
0-2: Ball
1-2: Ball
2-2: Ground out 4-3 (Groundball, 4, EV 103.8 MPH)
Batting: LHB Tom Butterbaugh 0-0: Called Strike
0-1: Foul Ball, location: 2F
0-2: Foul Ball, location: 2F
0-2: Ball
1-2: Strikes out swinging
Top of the 1st over - 0 runs, 0 hits, 0 errors, 0 left on base; Brevard County 0 - Visalia 0
BOTTOM OF THE 1ST
Visalia Rawhide batting - Pitching for Brevard County Manatees : LHP Matt Hirschi
Pitching: LHP Matt Hirschi
Batting: RHB Mike Dagley 0-0: SINGLE (Groundball, 56, EV 108.1 MPH)
Batting: RHB Chris McDaniel 0-0: Ball
1-0: Called Strike
1-1: Fielders Choice at 2nd, 5-4 (Groundball, 56, EV 105.0 MPH)
Batting: RHB Jose Garcia 0-0: Ball
1-0: Ball
2-0: Reached on error, E4 (Groundball, 4, EV 103.1 MPH)
Chris McDaniel to second
Batting: LHB Juan Gonzalez 0-0: Called Strike
Chris McDaniel steals 3rd base
0-1: Foul Ball, location: 2F
0-2: Ball
1-2: Strikes out swinging
Batting: RHB Bill Hainey 0-0: Called Strike
0-1: Ball
1-1: Ball
2-1: Hit by Pitch
Jose Garcia to second
Batting: RHB Rich Yoder 0-0: Ball
1-0: Called Strike
1-1: Foul Ball, location: 2F
1-2: Ball
2-2: Ball
3-2: Strikes out swinging
Bottom of the 1st over - 0 runs, 1 hit, 1 error, 3 left on base; Brevard County 0 - Visalia 0
TOP OF THE 2ND
Brevard County Manatees batting - Pitching for Visalia Rawhide : RHP Trajano Porqueira
Batting: SHB Martin Madsen 0-0: Fly out, F7 (Flyball, 78M, EV 93.1 MPH)
Batting: LHB Marshall Licata 0-0: Foul Ball, location: 2F
0-1: Swinging Strike
0-2: Ball
1-2: Foul Ball, location: 2F
1-2: Ground out 4-3 (Groundball, 4, EV 109.4 MPH)
Batting: RHB Ryan Franklin 0-0: Ground out 6-3 (Groundball, 6M, EV 110.0 MPH)
Top of the 2nd over - 0 runs, 0 hits, 0 errors, 0 left on base; Brevard County 0 - Visalia 0
BOTTOM OF THE 2ND
Visalia Rawhide batting - Pitching for Brevard County Manatees : LHP Matt Hirschi
Batting: RHB Cody Anderson 0-0: Swinging Strike
0-1: Swinging Strike
0-2: DOUBLE (Line Drive, 9LD, EV 112.5 MPH)
Batting: RHB Mike Blunk 0-0: Ground out U3 (Groundball, 3S, EV 72.5 MPH)
Cody Anderson to third
Batting: RHB Trajano Porqueira 0-0: Ground out 6-3 (Groundball, 4MS, EV 65.6 MPH)
Batting: RHB Mike Dagley 0-0: Called Strike
0-1: Reached on error, E2 (Groundball, 15S, EV 68.8 MPH)
Cody Anderson scores
Batting: RHB Chris McDaniel 0-0: Ground out 4-3 (Groundball, 4, EV 81.3 MPH)
Bottom of the 2nd over - 1 run, 1 hit, 1 error, 1 left on base; Brevard County 0 - Visalia 1
TOP OF THE 3RD
Brevard County Manatees batting - Pitching for Visalia Rawhide : RHP Trajano Porqueira
Batting: RHB D.J. Martinez 0-0: Called Strike
0-1: Ball
1-1: Foul Ball, location: 2F
1-2: Strikes out swinging
Batting: RHB Casey Truax 0-0: Foul Ball, location: 2F
0-1: Ball
1-1: Ball
2-1: Foul Ball, location: 2F
2-2: Strikes out swinging
Batting: RHB Matt Hirschi 0-0: Ball
1-0: Foul Ball, location: 2F
1-1: Swinging Strike
1-2: Strikes out looking
Top of the 3rd over - 0 runs, 0 hits, 0 errors, 0 left on base; Brevard County 0 - Visalia 1
BOTTOM OF THE 3RD
Visalia Rawhide batting - Pitching for Brevard County Manatees : LHP Matt Hirschi
Batting: RHB Jose Garcia 0-0: Ground out U3 (Groundball, 34, EV 105.0 MPH)
Batting: LHB Juan Gonzalez 0-0: Foul Ball, location: 2F
0-1: Foul Ball, location: 2F
0-2: Hit by Pitch
Batting: RHB Bill Hainey 0-0: Ball
Pickoff Throw by Catcher to First - Out!
1-0: Fly out, F9 (Flyball, 9LM, EV 81.9 MPH)
Bottom of the 3rd over - 0 runs, 0 hits, 0 errors, 0 left on base; Brevard County 0 - Visalia 1
TOP OF THE 4TH
Brevard County Manatees batting - Pitching for Visalia Rawhide : RHP Trajano Porqueira
Batting: RHB Yoshiro Higuchi 0-0: Called Strike
0-1: Ball
1-1: Foul Ball, location: 2F
1-2: Foul Ball, location: 2F
1-2: Strikes out swinging
Batting: RHB Colin Lakin 0-0: Called Strike
0-1: Ball
1-1: Foul Ball, location: 2F
1-2: Ball
2-2: Ground out 6-3 (Groundball, 56, EV 88.1 MPH)
Batting: LHB Tom Butterbaugh 0-0: Ball
1-0: Called Strike
1-1: Called Strike
1-2: SINGLE (Flyball, 56D, EV 90.0 MPH)
Batting: SHB Martin Madsen 0-0: Called Strike
0-1: Ball
1-1: Foul Ball, location: 2F
1-2: Foul Ball, location: 2F
1-2: Ball
2-2: Strikes out looking
Top of the 4th over - 0 runs, 1 hit, 0 errors, 1 left on base; Brevard County 0 - Visalia 1
BOTTOM OF THE 4TH
Visalia Rawhide batting - Pitching for Brevard County Manatees : LHP Matt Hirschi
Batting: RHB Rich Yoder 0-0: SINGLE (Groundball, 56D, EV 100.6 MPH)
Batting: RHB Cody Anderson 0-0: Called Strike
0-1: Called Strike
0-2: Foul Ball, location: 2F
0-2: Ball
1-2: Ball
2-2: Grounds into double play, 5-4-3 (Groundball, 5, EV 88.8 MPH)
Batting: RHB Mike Blunk 0-0: Ball
1-0: Ball
2-0: Ball
3-0: Called Strike
3-1: Called Strike
3-2: TRIPLE (Flyball, 8LXD, EV 95.6 MPH)
Batting: RHB Trajano Porqueira 0-0: Ground out 4-3 (Groundball, 4, EV 75.6 MPH)
Bottom of the 4th over - 0 runs, 2 hits, 0 errors, 1 left on base; Brevard County 0 - Visalia 1
TOP OF THE 5TH
Brevard County Manatees batting - Pitching for Visalia Rawhide : RHP Trajano Porqueira
Batting: LHB Marshall Licata 0-0: Swinging Strike
0-1: Ball
1-1: Foul Ball, location: 2F
1-2: Ball
2-2: Ball
3-2: Strikes out swinging
Batting: RHB Ryan Franklin 0-0: Ball
1-0: Foul Ball, location: 2F
1-1: Swinging Strike
1-2: Strikes out looking
Batting: RHB D.J. Martinez 0-0: Foul Ball, location: 2F
0-1: Swinging Strike
0-2: Foul Ball, location: 2F
0-2: Ball
1-2: Ball
2-2: Ball
3-2: Strikes out swinging
Top of the 5th over - 0 runs, 0 hits, 0 errors, 0 left on base; Brevard County 0 - Visalia 1
BOTTOM OF THE 5TH
Visalia Rawhide batting - Pitching for Brevard County Manatees : LHP Matt Hirschi
Batting: RHB Mike Dagley 0-0: Ground out 6-3 (Groundball, 6, EV 105.0 MPH)
Batting: RHB Chris McDaniel 0-0: Ball
1-0: Ball
2-0: Ball
3-0: Base on Balls
Batting: RHB Jose Garcia 0-0: Ball
1-0: Foul Ball, location: 2F
1-1: Ball
2-1: Ball
3-1: SINGLE (Groundball, 6MD, EV 95.6 MPH)
Chris McDaniel to second
Batting: LHB Juan Gonzalez 0-0: Ball
Chris McDaniel steals 3rd, throwing error, E2
Chris McDaniel scores
Jose Garcia to third
1-0: Foul Ball, location: 2F
1-1: Called Strike
1-2: Ball
2-2: Ball
3-2: SINGLE (Groundball, 34D, EV 101.3 MPH)
Jose Garcia scores
Batting: RHB Bill Hainey 0-0: Ball
1-0: Fly out, F7 (Flyball, 7LS, EV 76.3 MPH)
Batting: RHB Rich Yoder 0-0: Ball
1-0: Ball
2-0: Ball
3-0: Base on Balls
Juan Gonzalez to second
Pitching: RHP Cameron Raitt
Batting: RHB Cody Anderson 0-0: Fielders Choice at 2nd, 5-4 (Groundball, 5L, EV 95.0 MPH)
Bottom of the 5th over - 2 runs, 2 hits, 1 error, 2 left on base; Brevard County 0 - Visalia 3
TOP OF THE 6TH
Brevard County Manatees batting - Pitching for Visalia Rawhide : RHP Trajano Porqueira
Batting: RHB Casey Truax 0-0: Called Strike
0-1: Ball
1-1: Foul Ball, location: 2F
1-2: Ground out 6-3 (Groundball, 6, EV 79.4 MPH)
Pinch Hitting: RHB Ricky Wiernik 0-0: Called Strike
0-1: Ball
1-1: Foul Ball, location: 2F
1-2: Foul Ball, location: 2F
1-2: Ball
2-2: Strikes out swinging
Batting: RHB Yoshiro Higuchi 0-0: Foul Ball, location: 2F
0-1: Called Strike
0-2: Strikes out swinging
Top of the 6th over - 0 runs, 0 hits, 0 errors, 0 left on base; Brevard County 0 - Visalia 3
BOTTOM OF THE 6TH
Visalia Rawhide batting - Pitching for Brevard County Manatees : RHP Cameron Raitt
Pitching: RHP Joel Beckett
Batting: RHB Mike Blunk 0-0: Called Strike
0-1: Ball
1-1: Ground out 4-3 (Groundball, 4, EV 85.6 MPH)
Batting: RHB Trajano Porqueira 0-0: Ground out 1-3 (Groundball, 15S, EV 63.1 MPH)
Batting: RHB Mike Dagley 0-0: Fly out, F8 (Flyball, 8RD, EV 99.4 MPH)
Bottom of the 6th over - 0 runs, 0 hits, 0 errors, 0 left on base; Brevard County 0 - Visalia 3
TOP OF THE 7TH
Brevard County Manatees batting - Pitching for Visalia Rawhide : RHP Trajano Porqueira
Batting: RHB Colin Lakin 0-0: Ball
1-0: Foul Ball, location: 2F
1-1: Foul Ball, location: 2F
1-2: Ball
2-2: Ground out 6-3 (Groundball, 6, EV 95.6 MPH)
Batting: LHB Tom Butterbaugh 0-0: Ball
1-0: Ball
2-0: Ball
3-0: Called Strike
3-1: Base on Balls
Batting: SHB Martin Madsen 0-0: Ball
1-0: Called Strike
1-1: Foul Ball, location: 2F
1-2: Foul Ball, location: 2F
1-2: Fielders Choice at 2nd, 5-4 (Groundball, 5, EV 98.1 MPH)
Batting: LHB Marshall Licata 0-0: Ball
1-0: Foul Ball, location: 2F
1-1: Fly out, F9 (Flyball, 89D, EV 87.5 MPH)
Top of the 7th over - 0 runs, 0 hits, 0 errors, 1 left on base; Brevard County 0 - Visalia 3
BOTTOM OF THE 7TH
Visalia Rawhide batting - Pitching for Brevard County Manatees : RHP Joel Beckett
Batting: RHB Chris McDaniel 0-0: Called Strike
0-1: Called Strike
0-2: Ball
1-2: Fly out, F7 (Flyball, 78D, EV 74.4 MPH)
Batting: RHB Jose Garcia 0-0: Called Strike
0-1: Ball
1-1: Ball
2-1: Called Strike
2-2: Strikes out swinging, 2-3 out at first.
Batting: LHB Juan Gonzalez 0-0: Ball
1-0: Ground out U3 (Groundball, 3, EV 85.6 MPH)
Bottom of the 7th over - 0 runs, 0 hits, 0 errors, 0 left on base; Brevard County 0 - Visalia 3
TOP OF THE 8TH
Brevard County Manatees batting - Pitching for Visalia Rawhide : RHP Trajano Porqueira
Pitching: RHP John Grashel
Batting: RHB Ryan Franklin 0-0: Called Strike
0-1: Called Strike
0-2: Ball
1-2: Strikes out swinging
Batting: RHB D.J. Martinez 0-0: Called Strike
0-1: Ground out 4-3 (Groundball, 34, EV 77.5 MPH)
Batting: RHB Casey Truax 0-0: Swinging Strike
0-1: Foul Ball, location: 2F
0-2: Strikes out looking
Top of the 8th over - 0 runs, 0 hits, 0 errors, 0 left on base; Brevard County 0 - Visalia 3
BOTTOM OF THE 8TH
Visalia Rawhide batting - Pitching for Brevard County Manatees : RHP Joel Beckett
Pitching: RHP Dave Hotaling
Batting: RHB Bill Hainey 0-0: Ball
1-0: Called Strike
1-1: Ground out 4-3 (Groundball, 4, EV 83.1 MPH)
Batting: RHB Rich Yoder 0-0: Swinging Strike
0-1: Ball
1-1: DOUBLE (Flyball, 89D, EV 112.5 MPH)
Batting: RHB Cody Anderson 0-0: Ball
1-0: Ground out 6-3 (Groundball, 6M, EV 76.9 MPH)
Rich Yoder to third
Batting: RHB Mike Blunk 0-0: Ground out 4-3 (Groundball, 4, EV 87.5 MPH)
Bottom of the 8th over - 0 runs, 1 hit, 0 errors, 1 left on base; Brevard County 0 - Visalia 3
TOP OF THE 9TH
Brevard County Manatees batting - Pitching for Visalia Rawhide : RHP John Grashel
Pinch Hitting: RHB Brock Rowling 0-0: Foul Ball, location: 2F
0-1: Ball
1-1: SINGLE (Groundball, 4MD, EV 97.5 MPH)
Pitching: RHP Keith Morrissette
Now at 2B: Toshiaki Kumagai
Batting: RHB Yoshiro Higuchi 0-0: Called Strike
0-1: Foul Ball, location: 2F
0-2: Fielders Choice at 2nd, 4-6 (Groundball, 4, EV 102.5 MPH)
Batting: RHB Colin Lakin 0-0: Ball
1-0: Foul Ball, location: 2F
1-1: Ball
2-1: Ball
3-1: Base on Balls
Yoshiro Higuchi to second
Batting: LHB Tom Butterbaugh 0-0: Foul Ball, location: 2F
0-1: Fly out, F9 (Flyball, 89S, EV 76.9 MPH)
Batting: SHB Martin Madsen 0-0: Swinging Strike
0-1: Swinging Strike
0-2: Ball
1-2: Strikes out swinging
Top of the 9th over - 0 runs, 1 hit, 0 errors, 2 left on base; Brevard County 0 - Visalia 3
Tuesday, September 13th , 2022 - OOTP Baseball 23.7 Build 88